 Dungeon Crawl Stone Soup version 0.27-a0-676-gc1da3516c2 (webtiles) character file.

Game seed: 735033245663566203

7 Napalmbreeze the Grave Robber (level 2, 0/21 HPs)
             Began as a Human Necromancer on Mar 18, 2021.
             Slain by a hobgoblin
             ... wielding a +0 club
              (5 damage)
             ... on level 1 of the Dungeon.
             The game lasted 00:01:46 (648 turns).

Napalmbreeze the Grave Robber (Human Necromancer)    Turns: 648, Time: 00:01:47

Health: 0/21       AC:  2    Str:  8    XL:     2   Next: 5%
Magic:  1/5        EV: 12    Int: 15    God:
Gold:   0          SH:  0    Dex: 13    Spells: 3/5 levels left

rFire    . . .     SeeInvis .   c - +0 dagger
rCold    . . .     Faith    .   (no shield)
rNeg     . . .     Spirit   .   a - +0 robe
rPois    .         Reflect  .   (no helmet)
rElec    .         Harm     .   (no cloak)
rCorr    .         Rampage  .   (no gloves)
Will     .....                  (no boots)
Stlth    ++........             (no amulet)
HPRegen  0.07/turn              (no ring)
MPRegen  0.09/turn              (no ring)

@: no status effects
A: no striking features
a: no special abilities


You were on level 1 of the Dungeon.
You visited 1 branch of the dungeon, and saw 1 of its levels.

Inventory:

Hand Weapons
 c - a +0 dagger (weapon)
Armour
 a - a +0 robe (worn)
Scrolls
 f - a scroll of vulnerability {unknown}
Potions
 b - a potion of attraction {unknown}
 d - a potion of curing {unknown}
 e - a potion of haste {unknown}


   Skills:
 + Level 1.3 Fighting
 - Level 2.0 Dodging
 - Level 2.0 Stealth
 + Level 2.0 Spellcasting
 + Level 4.0 Necromancy


You had 3 spell levels left.
You knew the following spells:

 Your Spells              Type           Power      Damage    Failure   Level
a - Pain                  Necr           52%        1d6       4%          1
s - Animate Skeleton      Necr           26%        N/A       4%          1

Your spell library contained the following spells:

 Spells                   Type           Power      Damage    Failure   Level
 Vampiric Draining        Necr           6%         2d6       13%         3
 Animate Dead             Necr           6%         N/A       38%         4
 Agony                    Necr           13%        N/A       75%         5


Dungeon Overview and Level Annotations

Branches:
Dungeon (1/15)

Altars:


Message History

Press: ? - help, Shift-Dir - straight line, f/p - frilled lizard
Aim: a frilled lizard (chance to affect: 83%)
The frilled lizard barely resists.
The frilled lizard bites you.
Unknown command.
Casting: Pain (safe; 4% risk of failure)
Confirm with . or Enter, or press ? or * to list all spells.
Aiming: Pain (safe; 4% risk of failure)
Press: ? - help, Shift-Dir - straight line, f/p - frilled lizard
Aim: a frilled lizard (chance to affect: 83%)
The frilled lizard writhes in agony.
You kill the frilled lizard!
The bat hits you but does no damage.
The kobold throws a stone.
The stone misses you.
You have reached level 2!
The bat hits you but does no damage. The kobold hits you but does no damage.
You see here a frilled lizard corpse.
Casting: Pain (safe; 4% risk of failure)
Confirm with . or Enter, or press ? or * to list all spells.
You don't have enough magic to cast this spell.
You hit the kobold.
The kobold is moderately wounded.
The kobold closely misses you. The hobgoblin closely misses you.
You hit the kobold.
The kobold is severely wounded.
The kobold barely misses you.
You hit the kobold.
You kill the kobold!
The bat hits you.
You barely miss the hobgoblin. The hobgoblin misses you.
You hit the hobgoblin.
The hobgoblin is moderately wounded.
The hobgoblin barely misses you.
You barely miss the hobgoblin.
The hobgoblin is moderately wounded.
The hobgoblin hits you with a +0 club.
* * * LOW HITPOINT WARNING * * *
You barely miss the hobgoblin.
The hobgoblin is moderately wounded.
The hobgoblin hits you with a +0 club.
You die...

##...#.#.... ...
######.#..## #.#
#......#...# #.#
#.###..#.#.###.# #######
#.# #..#.#.....####......#
#.# #..#.#........+......#
#.# ##.#.#.#.#.####......#
#.######.#.#.#.####......#
#........#...#..@gb......#
##########...#.###.......#
# #.........#.# #.#+#####
####.###.##..#.###.#
.........#...#.. ..#
####.###.#...#.# ###
####...#.......#
.....#.###.#.#.#
.....+.....#.#.#


You could see a hobgoblin and a bat.

Vanquished Creatures
  A bat (D:1)
  A giant cockroach (D:1)
  2 goblins (D:1)
  A frilled lizard (D:1)
  A kobold (D:1)
6 creatures vanquished.

Notes
Turn   | Place    | Note
-------+----------+-------------------------------------------
     0 | D:1      | Napalmbreeze the Human Necromancer began the quest for the
                  | Orb.
     0 | D:1      | Reached XP level 1. HP: 13/13 MP: 3/3
     2 | D:1      | Learned a level 1 spell: Animate Skeleton
   336 | D:1      | Reached skill level 1 in Fighting
   640 | D:1      | Reached XP level 2. HP: 9/21 MP: 0/5
   648 | D:1      | Slain by a hobgoblin

Illustrated notes

Levels and vault maps discovered:
D:1:      lightli_arrival_maybe_door_vault, layout_basic

Skill      XL: |  1 |
---------------+----+-----
Fighting       | 1 |  1.3
Dodging        | |  2.0
Stealth        | |  2.0
Spellcasting   | |  2.0
Necromancy     | |  4.0

Action                   || total
-------------------------++-------
Melee: Dagger            ||    34
 Cast: Pain              ||     6
       Animate Skeleton  ||     1
Armor: Robe              ||    10
Dodge: Dodged            ||    32

Table legend: (Time is in decaauts)
 A = Elapsed time spent in this place.
 B = Non-inter-level travel time spent in this place.
 C = Inter-level travel time spent in this place.
 D = Time resting spent in this place.
 E = Time spent auto-exploring this place.
 F = Levels seen in this place.
 G = Mean time per level.
                   A        B        C        D        E       F      G
               +--------+--------+--------+--------+--------+-----+--------+
         Total |    647 |    647 |      0 |    227 |    335 |   1 |  647.0 |
       Dungeon |    647 |    647 |      0 |    227 |    335 |   1 |  647.0 |
               +--------+--------+--------+--------+--------+-----+--------+

Top non-repeatable levels by time:
     D:1: 647 daAuts
